 Dungeon Crawl Stone Soup version 0.30.0-29-ga12c61a403 (webtiles) character file.

Game seed: 5931800918292206356

577 cdecastro the Chiller (level 7, -3/50 HPs)
             Began as a Ghoul Ice Elementalist on June 24, 2023.
             Slain by Crazy Yiuf
             ... wielding a +4 quarterstaff of chaos
              (15 damage)
             ... on level 5 of the Dungeon.
             The game lasted 00:13:14 (4466 turns).

cdecastro the Chiller (Ghoul Ice Elementalist)      Turns: 4466, Time: 00:13:15

Health: -3/50      AC: 14    Str: 12    XL:     7   Next: 35%
Magic:  6/12       EV: 12    Int: 14    God:
Gold:   339        SH:  0    Dex:  9    Spells: 8/15 levels left

rFire   . . .        o - +5 dagger
rCold   + . .        (no shield)
rNeg    + + +        p - +2 robe of the Forest {Int+2}
rPois   ∞            (no helmet)
rElec   .            (no cloak)
rCorr   +            j - +1 Delatra's gloves {ID++}
SInv    .            C - +1 pair of boots of a treasure trove {Fly rN+ rCorr}
Will    .....        (no amulet)
Stlth   ++           (no ring)
HPRegen 0.00/turn    (no ring)
MPRegen 0.13/turn

%: no passive effects
@: ice-armoured, freezing walls, flying, inhibited regen, studying Dodging
A: claws 1, cold resistance 1, negative energy resistance 3, inhibited
regeneration, torment resistance 2, devour on kill
a: no special abilities


You were on level 5 of the Dungeon.
You visited 1 branch of the dungeon, and saw 5 of its levels.

You collected 339 gold pieces.

Inventory:

Hand Weapons
 o - a +5 dagger (weapon)
Armour
 j - the +1 Delatra's gloves (worn) {ID++}
   (You found it on level 2 of the Dungeon)

   ID++:      It heals its wearer when they drink unknown potions, and restores
   their MP when they read unknown scrolls.
 p - the +2 robe of the Forest (worn) {Int+2}
   (You found it on level 3 of the Dungeon)

   Int:       It affects your intelligence (+2).
 C - the +1 pair of boots of a treasure trove (worn) {Fly rN+ rCorr}
   (You found it on level 5 of the Dungeon)

   rN:        It protects you from negative energy.
   Fly:       It grants you flight.
   rCorr:     It protects you from acid and corrosion.
Magical Staves
 i - a staff of poison
 l - a staff of conjuration
 s - a staff of death
Wands
 B - a wand of mindburst (17)
Scrolls
 a - 2 scrolls of teleportation {unknown}
 e - a scroll of enchant armour {unknown}
 h - 3 scrolls of identify {unknown}
 k - a scroll of amnesia {unknown}
 m - a scroll of enchant weapon {unknown}
 q - a scroll of fog {unknown}
 r - a scroll of butterflies {unknown}
 t - a scroll of immolation {unknown}
 u - a scroll of brand weapon {unknown}
 w - 2 scrolls of poison {unknown}
 x - 2 scrolls of fear {unknown}
 y - a scroll of vulnerability {unknown}
Potions
 b - 3 potions of magic
 c - 5 potions of curing {unknown}
 d - 3 potions of heal wounds {unknown}
 f - 4 potions of lignification {unknown}
 g - a potion of degeneration {unknown}
 n - a potion of attraction {unknown}
 v - 2 potions of berserk rage {unknown}
 z - a potion of resistance {unknown}
 A - a potion of invisibility {unknown}


   Skills:
 - Level 1.7 Dodging
 - Level 2.1 Stealth
 * Level 4.5 Spellcasting
 + Level 7.7 Ice Magic


You had 8 spell levels left.
You knew the following spells:

 Your Spells              Type           Power      Damage    Failure   Level
a - Freeze                Ice            96%        1d10      1%          1
b - Frozen Ramparts       Ice            48%        1d8       2%          3
c - Ozocubu's Armour      Ice            24%        N/A       2%          3

Your spell library contained the following spells:

 Spells                   Type           Power      Damage    Failure   Level
 Blink                    Tloc           6%         N/A       28%         2
 Lesser Beckoning         Tloc           6%         N/A       28%         2
 Momentum Strike          Conj/Tloc      6%         3d8       28%         2
 Summon Ice Beast         Ice/Summ       13%        N/A       36%         4
 Alistair's Intoxication  Tmut/Pois      2%         N/A       99%         5
 Borgnjor's Vile Clutch   Necr/Erth      1%         N/A       99%         5
 Eringya's Noxious Bog    Tmut/Pois      1%         N/A       100%        6


Dungeon Overview and Level Annotations

Branches:
Dungeon (5/15)
 Temple: D:4-7

Altars:

Shops:
D:2 (*:

Annotations:
D:3 2 runed translucent doors, GabeR's ghost, weakling DrHW
D:4 exclusion: ogre
D:5 exclusion: ice beast, Crazy Yiuf


Innate Abilities, Weirdness & Mutations

You are immune to poison.
You have sharp fingernails.
Your flesh is cold resistant. (rC+)
You are immune to negative energy. (rN+++)
You do not regenerate when monsters are visible.
You are immune to unholy pain and torment.
You thrive by killing the living.


Message History

There is a stone staircase leading down here.
You fly downwards.
Level annotation: exclusion: ice beast
There is a stone staircase leading up here.
Unknown command.
You see here a hound skeleton.
Found a hammer.
Found a runed translucent door.
Crazy Yiuf shouts!
Casting: Ozocubu's Armour (dangerous; 2% risk of failure)
Confirm with . or Enter, or press ? or * to list all spells.
You can't see any susceptible monsters within range! (Use Z to cast anyway.)
You reach down and open the door.
Casting: Ozocubu's Armour (dangerous; 2% risk of failure)
Confirm with . or Enter, or press ? or * to list all spells.
Casting: Frozen Ramparts (dangerous; 2% risk of failure)
Press: ? - help, Dir - look around, f - activate The walls around you are covered in ice.
The wall freezes Crazy Yiuf.
Crazy Yiuf misses you.
Unknown command.
Unknown command.
Casting: Frozen Ramparts (dangerous; 2% risk of failure)
Confirm with . or Enter, or press ? or * to list all spells.
A film of ice covers your body!
The wall freezes Crazy Yiuf!
Crazy Yiuf yells, "Mama hand song!"
Crazy Yiuf hits you with a +4 quarterstaff of chaos!
You are electrocuted!
Unknown command.
Unknown command.
You closely miss Crazy Yiuf.
Crazy Yiuf is severely wounded.
The wall freezes Crazy Yiuf but does no damage.
Crazy Yiuf hits you with a +4 quarterstaff of chaos!
* * * LOW HITPOINT WARNING * * *
You convulse!
* * * LOW HITPOINT WARNING * * *
You closely miss Crazy Yiuf.
Crazy Yiuf is severely wounded.
The wall freezes Crazy Yiuf.
Crazy Yiuf hits you but does no damage.
You are electrocuted!
You die...

...#..#.#................#
.....[..#..###########...##
...>.#.....# #....# .....#)....#
##### #...### ......[....# #..)#
#.#...## .. .....(.....# #...#
#.#....# #.. ...........# ...
#.....####.. #..........# #g#
#......##... #.....#....# ##@#
#........... ......#....# #.##
#........... ......#....# ##.#
#........... ...........# #.##
#........... .....#.....# ##.##
#......#.... ....##.....# #...##
#....#####.. .....#..#.÷# #....#
#(.....###.. ........##.# #....#
#..#..###...
..#......#.###....#####.#..##....


You could see Crazy Yiuf.

Vanquished Creatures
  A water moccasin (D:5)
  A scorpion (D:5)
  A howler monkey (D:5)
  A jelly (D:5)
  An orc priest (D:5)
  A hound (D:5)
  2 iguanas (D:5)
  Terence (D:3)
  3 orc wizards (D:5)
  4 adders
  2 white imps (D:5)
  An ufetubus (D:5)
  A worm (D:2)
  3 dart slugs
  8 orcs
  3 bats
  3 endoplasms
  5 giant cockroaches
  5 goblins
  4 hobgoblins
  6 kobolds
  4 quokkas
  10 ball pythons
  3 frilled lizards
  3 rats
77 creatures vanquished.

Notes
Turn   | Place    | Note
-------+----------+-------------------------------------------
     0 | D:1      | cdecastro the Ghoul Ice Elementalist began the quest for
                  | the Orb.
     0 | D:1      | Reached XP level 1. HP: 14/14 MP: 2/2
   198 | D:1      | Reached XP level 2. HP: 17/20 MP: 0/3
   303 | D:1      | Reached skill level 5 in Ice Magic
   698 | D:2      | Reached XP level 3. HP: 26/26 MP: 0/4
   746 | D:2      | Found Vymia's Book Shop.
   932 | D:2      | Found Faodarea's General Store.
   980 | D:2      | Found the +1 Delatra's gloves {ID++}
  1374 | D:2      | Reached skill level 6 in Ice Magic
  1466 | D:2      | Found Comibim's Armour Shoppe.
  1513 | D:2      | Reached XP level 4. HP: 33/33 MP: 5/5
  1547 | D:2      | Found Cinwihust's Antique Weapon Emporium.
  1860 | D:3      | Learned a level 3 spell: Frozen Ramparts
  1876 | D:3      | Identified the +2 robe of the Forest {Int+2}
  1920 | D:3      | Found a runed translucent door.
  1926 | D:3      | Noticed GabeR's ghost (weakling DrHW)
  2059 | D:3      | Found a runed translucent door.
  2266 | D:3      | Noticed Terence
  2276 | D:3      | Killed Terence
  2560 | D:4      | Identified the +0 scale mail of Zirhueppe {Str+3}
  2686 | D:4      | Noticed an ogre
  2772 | D:4      | Reached XP level 5. HP: 38/38 MP: 2/6
  3297 | D:5      | Entered Level 5 of the Dungeon
  3364 | D:5      | Noticed an ice beast
  3533 | D:4      | Learned a level 3 spell: Ozocubu's Armour
  3586 | D:5      | Reached skill level 7 in Ice Magic
  3586 | D:5      | Reached XP level 6. HP: 45/45 MP: 2/9
  3905 | D:5      | Noticed a water moccasin
  3916 | D:5      | Killed a water moccasin
  3917 | D:5      | Reached XP level 7. HP: 45/50 MP: 1/12
  4351 | D:5      | Identified the +1 pair of boots of a treasure trove {Fly
                  | rN+ rCorr}
  4458 | D:5      | Found a runed translucent door.
  4459 | D:5      | Noticed Crazy Yiuf
  4466 | D:5      | Slain by Crazy Yiuf

Illustrated notes

Levels and vault maps discovered:
D:1:      roderic_crossed_star, layout_rooms
D:2:      layout_loops_ring, serial_shops, nicolae_shop_advertising_works
          [nicolae_subvault_shop_adworks], nicolae_shop_window_shopping,
          nicolae_shop_tiny_statue_garden, shop, minmay_tetromino_i2
D:3:      layout_loops_ring, ebering_ghost_sewer_f, uniq_terence
D:4:      corexii_shack_village, layout_rooms, minmay_liquid_box,
          chequers_serial_rivers_micro_b, chequers_serial_rivers_large_a,
          corexii_shack
D:5:      layout_cave_pools, minmay_manual_mess, uniq_crazy_yiuf_cottage

Skill      XL: |  1  2  3  4  5  6 |
---------------+-------------------+-----
Ice Magic      | 5 6 7 |  7.7
Spellcasting   | 3 4 |  4.5
Dodging        | |  1.7
Stealth        | |  2.1

Action                     |  1- 3 |  4- 6 |  7- 9 || total
---------------------------+-------+-------+-------++-------
  Melee: Unarmed           |    53 |       |       ||    53
         Dagger            |     7 |    67 |    21 ||    95
         Punch             |     1 |       |       ||     1
   Cast: Freeze            |    45 |    13 |       ||    58
         Frozen Ramparts   |       |    13 |     5 ||    18
         Ozocubu's Armour  |       |     2 |     4 ||     6
   Stab: Sleeping          |     4 |     1 |       ||     5
 Armour: Robe              |    12 |    27 |    12 ||    51
  Dodge: Dodged            |    50 |    51 |    11 ||   112
